cohdb
Replays
Latest Replays
All Replays
Popular Replays
Top Player Replays
Match Explorer
How It Works
Community
CoH3 Stats
Reddit
Sign in to upload your games and track your stats! →
Sign in with Steam
Match 30996533
Unlisted
Match 30996533
Overview
Messages
Build Orders
End
Construct Infanterie Kompanie
MG 42 Machine Gun Team
Grenadier Squad
Selects Breakthrough Battlegroup
Selects Assault Grenadiers
Grenadier Squad
MG 42 Machine Gun Team
Grenadier Squad
Grenadier Squad
Selects Smoke Bombing Run
Medical Station
Grenadier Squad
joseballen
Wait What?
조영
Nukepapa
spinn72
天璇
0
0
Comments
sign in to comment!
No comments posted yet!